 Dungeon Crawl Stone Soup version 0.25-a0-589-g1e14c549ee (webtiles) character file.

Game seed: 4749478727202864187, levelgen mode: deterministic

191 Essalna the Firebug (level 5, -2/28 HPs)
             Began as a Gargoyle Fire Elementalist on Mar 11, 2020.
             Killed from afar by an orc wizard (10 damage)
             ... with a magic dart
             ... on level 3 of the Dungeon.
             The game lasted 00:08:57 (2623 turns).

Essalna the Firebug (Gargoyle Fire Elementalist)    Turns: 2623, Time: 00:08:58

Health: -2/28      AC:  8    Str: 12    XL:     5   Next: 70%
Magic:  1/10       EV: 12    Int: 16    God:
Gold:   80         SH:  0    Dex: 10    Spells: 9/10 levels left

rFire    + . .     SeeInvis .   d - +0 dagger
rCold    x . .     Gourm    .   (no shield)
rNeg     + . .     Faith    .   a - +0 robe
rPois    ∞         Spirit   .   (no helmet)
rElec    +         Reflect  .   (no cloak)
rCorr    .         Harm     .   g - +1 pair of gloves
MR       .....                  (no boots)
Stlth    ++........             (no amulet)
HPRegen  0.09/turn              n - ring of fire
MPRegen  0.12/turn              (no ring)

@: stab, flying, very slightly contaminated, hasted, very quick
A: negative energy resistance 1, electricity resistance, unbreathing,
petrification resistance, rot immunity, AC +4
a: no special abilities


You were on level 3 of the Dungeon.
You were not hungry.

You visited 1 branch of the dungeon, and saw 4 of its levels.

You collected 80 gold pieces.

Inventory:

Hand Weapons
 d - a +0 dagger (weapon)
Armour
 a - a +0 robe (worn)
 g - a +1 pair of gloves (worn)
Jewellery
 n - a ring of fire (left hand)
Scrolls
 i - 2 scrolls of enchant armour
 k - a scroll of identify {unknown}
 l - a scroll of immolation {unknown}
 o - 2 scrolls of teleportation {unknown}
Comestibles
 c - 5 rations
 h - 4 chunks of flesh


   Skills:
 - Level 1.5 Dodging
 - Level 2.1 Stealth
 + Level 3.4 Spellcasting
 + Level 3.4 Conjurations
 + Level 4.3 Fire Magic


You had 9 spell levels left.
You knew the following spells:

 Your Spells              Type           Power        Failure   Level  Hunger
a - Foxfire               Conj/Fire      ###.         3%          1    None

Your spell library contained the following spells:

 Spells                   Type           Power        Failure   Level  Hunger
 Conjure Flame            Conj/Fire      ###.....     11%         3    ###....
 Inner Flame              Hex/Fire       ##......     22%         3    ###....
 Sticky Flame             Conj/Fire      ###.....     36%         4    ####...
 Fireball                 Conj/Fire      ###.......   71%         5    ######.


Dungeon Overview and Level Annotations

Branches:
Dungeon (4/15)
 Temple: D:4-7

Altars:


Innate Abilities, Weirdness & Mutations

You are resistant to torment.
Your stone body is resilient. (AC +4)
You are immune to poison.
You resist negative energy. (rN+)
You are resistant to electric shocks. (rElec)
You can survive without breathing.
You are immune to petrification.
You are immune to rotting.


Message History

The puff of flame hits you but does no damage.
You resist.
It was a potion of flight.
You feel very buoyant.
You fly up into the air.
The orc wizard barely misses you.
It was a potion of stabbing.
You feel ready to backstab.
It was a potion of curing.
You feel better.
The orc wizard hits you with a +0 dagger.
* * * LOW HITPOINT WARNING * * *
You hit the orc wizard.
The orc wizard is moderately wounded.
The orc wizard misses you.
You hit the orc wizard but do no damage.
The orc wizard is moderately wounded.
You barely miss the orc wizard.
The orc wizard is moderately wounded.
The orc wizard casts a spell at you. The magic dart hits you!
You die...

..## ..# #...#..##
.## #.###.......# ##
#.#.........#
#$#†........#
.......§÷..##
#....§.§§..##### .
#..§§o.§§§.....#
..####....#§§§§.##..#
....)......#@§#....##
#.)......§o§§.....###
#..)!...§§§..........
#..†.....##...#..####
#........####.....#
########## ##..#.#
..#.# #...# ####


You could see 2 orc wizards.

Vanquished Creatures
  A worker ant (D:4)
  10 adders
  An ooze (D:2)
  A worm (D:3)
  3 dart slugs (D:1)
  5 orcs
  5 bats
  3 giant cockroaches
  4 hobgoblins
  6 jackals (D:1)
  A quokka (D:2)
  5 frilled lizards
  10 goblins
  A kobold (D:2)
  5 rats
61 creatures vanquished.

Vanquished Creatures (others)
  133 foxfires
133 creatures vanquished.

Grand Total: 194 creatures vanquished

Notes
Turn   | Place    | Note
-------+----------+-------------------------------------------
     0 | D:1      | Essalna the Gargoyle Fire Elementalist began the quest for
                  | the Orb.
     0 | D:1      | Reached XP level 1. HP: 10/10 MP: 3/3
   101 | D:1      | Reached XP level 2. HP: 13/15 MP: 0/5
  1047 | D:1      | Reached XP level 3. HP: 15/19 MP: 4/6
  1847 | D:2      | Reached XP level 4. HP: 18/24 MP: 5/8
  2289 | D:3      | Reached skill level 4 in Fire Magic
  2335 | D:3      | Reached XP level 5. HP: 28/28 MP: 3/9
  2616 | D:3      | HP: 1/28 [orc wizard/+0 dagger (2)]
  2623 | D:3      | Killed from afar by an orc wizard

Levels and vault maps discovered:
D:1:      lightli_arrival_statuegarden, layout_loops_corners,
          minmay_crystal_water
D:2:      layout_loops_ring, first_ration
D:3:      layout_rooms
D:4:      layout_layer_cave, minitemple, uniq_edmund, uniq_pikel

Skill      XL: |  1  2  3  4 |
---------------+-------------+-----
Conjurations   | 2 3 |  3.4
Spellcasting   | 3 |  3.4
Fire Magic     | 4 |  4.3
Dodging        | |  1.5
Stealth        | |  2.1

Action                   |  1- 3 |  4- 6 || total
-------------------------+-------+-------++-------
Melee: Unarmed           |     6 |       ||     6
       Dagger            |    80 |    14 ||    94
 Cast: Foxfire           |    36 |    55 ||    91
  Use: Potion            |       |     4 ||     4
       Scroll            |       |     3 ||     3
  Eat: Chunk             |     3 |     3 ||     6
Armor: Robe              |    33 |     4 ||    37
Dodge: Dodged            |    62 |    14 ||    76

Table legend:
 A = Non-vault XP
 B = Vault XP
 C = Vault XP percentage of total XP
 D = Non-vault monster count
 E = Vault monster count
 F = Vault count percentage of total count
                 A         B        C        D         E       F
            +---------+---------+-------+---------+---------+-------
      Total |     274 |       0 |   0.0 |      61 |       0 |   0.0
            +---------+---------+-------+---------+---------+-------
        D:1 |      34 |       0 |   0.0 |      16 |       0 |   0.0
        D:2 |      84 |       0 |   0.0 |      19 |       0 |   0.0
        D:3 |     117 |       0 |   0.0 |      23 |       0 |   0.0
        D:4 |      39 |       0 |   0.0 |       3 |       0 |   0.0
            +---------+---------+-------+---------+---------+-------
